 Dungeon Crawl Stone Soup version 0.28.0-47-ge53b351184 (webtiles) character file.

Game seed: 1314566910060330976

90 Iusername the Covered (level 4, 0/40 HPs)
             Began as a Minotaur Fighter on May 5, 2022.
             Killed by divine providence
             ... invoked by an orc priest
              (8 damage)
             ... on level 3 of the Dungeon.
             The game lasted 00:03:12 (2151 turns).

Iusername the Covered (Minotaur Fighter)            Turns: 2151, Time: 00:03:12

Health: 0/40       AC:  8    Str: 22    XL:     4   Next: 32%
Magic:  3/3        EV:  9    Int:  5    God:
Gold:   96         SH:  4    Dex: 10    Spells: 3/3 levels left

rFire   . . .      SeeInvis .   a - +0 long sword
rCold   . . .      Faith    .   c - +0 buckler
rNeg    . . .      Spirit   .   b - +0 scale mail
rPois   .          Reflect  .   (helmet restricted)
rElec   .          Harm     .   (no cloak)
rCorr   .          Rampage  .   f - +0 pair of gloves
Will    .....                   (no boots)
Stlth   ..........              (no amulet)
HPRegen 0.13/turn               (no ring)
MPRegen 0.08/turn               (no ring)

@: mighty
A: horns 2, retaliatory headbutt
a: no special abilities


You were on level 3 of the Dungeon.
You visited 1 branch of the dungeon, and saw 3 of its levels.

You collected 96 gold pieces.

Inventory:

Hand Weapons
 a - a +0 long sword (weapon)
Armour
 b - a +0 scale mail (worn)
 c - a +0 buckler (worn)
 f - a +0 pair of gloves (worn)
Jewellery
 e - an amulet of magic regeneration
 m - a ring of wizardry
Scrolls
 g - a scroll of noise {unknown}
 h - a scroll of teleportation {unknown}
 i - 2 scrolls of identify {unknown}
Potions
 d - 2 potions of might
 j - a potion of heal wounds {unknown}
 k - a potion of attraction {unknown}
 l - a potion of resistance {unknown}


   Skills:
 + Level 4.0 Fighting
 + Level 3.8 Long Blades
 + Level 4.5 Armour
 + Level 0.3 Dodging
 + Level 4.3 Shields


You had 3 spell levels left.
You didn't know any spells.
Your spell library contained the following spells:

 Spells                   Type           Power      Damage    Failure   Level
 Freeze                   Ice            0%         1d3       87%         1
 Sandblast                Erth           0%         2d4       87%         1
 Passwall                 Tmut/Erth      0%         N/A       95%         2
 Frozen Ramparts          Ice            0%         1d2       99%         3
 Stone Arrow              Conj/Erth      0%         3d7       99%         3
 Hailstorm                Conj/Ice       0%         3d3       100%        4


Dungeon Overview and Level Annotations

Branches:
Dungeon (3/15)

Altars:
Gozag


Innate Abilities, Weirdness & Mutations

You have a pair of horns on your head.
You reflexively headbutt those who attack you in melee.


Message History

You slash the kobold!
You kill the kobold!
You feel very sick. You block the bat's attack.
You are too injured to fight recklessly!
You are too injured to fight recklessly!
You are too injured to fight recklessly!
You are too injured to fight recklessly!
You are too injured to fight recklessly!
You are too injured to fight recklessly!
You are too injured to fight recklessly!
You are too injured to fight recklessly!
You are too injured to fight recklessly!
You are too injured to fight recklessly!
You are too injured to fight recklessly!
You are too injured to fight recklessly!
You are too injured to fight recklessly!
You are too injured to fight recklessly!
You are too injured to fight recklessly!
You are too injured to fight recklessly!
You are too injured to fight recklessly!
You feel sick. The bat hits you but does no damage.
You feel sick. The bat barely misses you. The bat closely misses you.
You furiously retaliate!
You headbutt the bat!
You kill the bat!
You feel sick.
Found a scroll labelled GIMIUB JOGI.
You feel sick.
You feel sick.
You feel sick.
You feel sick.
You feel sick.
You are no longer poisoned.
There is a stone staircase leading down here.
Hit: a) +0 long sword
Press: ? - help, Dir - move target, f - you
Okay, then.
You block the orc's attack. The orc hits you but does no damage.
The orc priest invokes the aid of Beogh against you.
Beogh smites you!
You die...

#....).....# ###.###..
#...)......# #.†
##...†....## )..#.. ##
##......## #....
.?.#....:########
......#
.........$#......
#.###.# ............# #.
#.. .......ooo.## #. ##.
........@..# #. #.
..........†#### #.## .
..............# #..#
..........###.######.###
...#.....##
#..........## ##########
########.#... #.####
#..... .#...#


You could see an orc priest and 2 orcs.

Vanquished Creatures
  An orc wizard (D:3)
  An adder (D:2)
  2 worms
  5 orcs (D:3)
  3 ball pythons
  4 bats
  4 endoplasms
  6 goblins
  4 hobgoblins
  2 jackals (D:2)
  4 kobolds
  2 quokkas
  3 frilled lizards
41 creatures vanquished.

Vanquished Creatures (others)
  A fungus (D:2)
  A plant (D:2)
2 creatures vanquished.

Grand Total: 43 creatures vanquished

Notes
Turn   | Place    | Note
-------+----------+-------------------------------------------
     0 | D:1      | Iusername the Minotaur Fighter began the quest for the Orb.
     0 | D:1      | Reached XP level 1. HP: 19/19 MP: 0/0
   501 | D:1      | Reached XP level 2. HP: 24/27 MP: 1/1
   876 | D:2      | Found a faded altar of an unknown god.
  1162 | D:2      | Reached XP level 3. HP: 28/33 MP: 2/2
  1445 | D:3      | Found an opulent altar of Gozag.
  1629 | D:3      | Reached XP level 4. HP: 4/40 MP: 3/3
  2151 | D:3      | Killed from afar by an orc priest

Illustrated notes

Levels and vault maps discovered:
D:1:      lightli_iron_boxes, layout_loops_ring, amcnicky_mini_pool_small,
          minmay_misc_feat_rows, minmay_pentomino_q2
D:2:      layout_basic, shapermc_ecumenical_altar_mp_ritualfount
D:3:      layout_rooms, nicolae_gozag_seed_capital, serial_shops, shop

Skill      XL: |  1  2  3 |
---------------+----------+-----
Shields        | 4 |  4.3
Armour         | 4 |  4.5
Long Blades    | 3 |  3.8
Fighting       | 4 |  4.0
Dodging        | |  0.3

Action                   |  1- 3 |  4- 6 || total
-------------------------+-------+-------++-------
Melee: Long sword        |    81 |    13 ||    94
       Headbutt          |    12 |     1 ||    13
  Use: Potion            |       |     1 ||     1
Armor: Scale mail        |    33 |    14 ||    47
Dodge: Dodged            |    27 |     7 ||    34
Block: Buckler           |    14 |     5 ||    19
